 Dungeon Crawl Stone Soup version 0.29.1-14-g9c671dbff4 (webtiles) character file.

Game seed: 8645196034622829678

53 Quinndolin the Trooper (level 3, -15/33 HPs)
             Began as a Hill Orc Fighter on Feb 20, 2023.
             Killed from afar by an acid dragon (17 damage)
             ... with a splash of acid
             ... on level 5 of the Dungeon.
             The game lasted 00:06:04 (587 turns).

Quinndolin the Trooper (Hill Orc Fighter)            Turns: 587, Time: 00:06:05

Health: -15/33     AC:  7    Str: 20    XL:     3   Next: 89%
Magic:  3/3        EV:  9    Int:  6    God:
Gold:   204        SH:  4    Dex: 10    Spells: 2/2 levels left

rFire   . . .      SeeInvis .   a - +0 war axe
rCold   . . .      Faith    .   c - +0 buckler
rNeg    . . .      Spirit   .   b - +0 scale mail
rPois   .          Reflect  .   (no helmet)
rElec   .          Harm     .   (no cloak)
rCorr   .          Rampage  .   (no gloves)
Will    .....      Clarity  +   (no boots)
Stlth   ..........              (no amulet)
HPRegen 0.11/turn               (no ring)
MPRegen 0.08/turn               (no ring)

@: lethally poisoned (-15 -> -20)
A: clarity, dopey 1
a: no special abilities


You were on level 5 of the Dungeon.
You visited 1 branch of the dungeon, and saw 5 of its levels.

You collected 204 gold pieces.

Inventory:

Hand Weapons
 a - a +0 war axe (weapon)
 d - a +0 short sword
Missiles
 g - 4 poisoned darts (quivered)
Armour
 b - a +0 scale mail (worn)
 c - a +0 buckler (worn)
Scrolls
 f - a scroll of identify {unknown}
 h - a scroll of blinking {unknown}
 i - a scroll of summoning {unknown}
Potions
 j - a potion of curing {unknown}


   Skills:
 + Level 4.2 Fighting
 + Level 3.6 Axes
 + Level 3.7 Armour
 + Level 0.2 Dodging
 + Level 3.8 Shields


You had 2 spell levels left.
You didn't know any spells.
Your spell library contained the following spells:

 Spells                   Type           Power      Damage    Failure   Level
 Ozocubu's Armour         Ice            0%         N/A       99%         3
 Ozocubu's Refrigeration  Ice            0%         4d7       100%        7


Dungeon Overview and Level Annotations

Branches:
Dungeon (5/15)
 Temple: D:4-7

Altars:


Innate Abilities, Weirdness & Mutations

You possess an exceptional clarity of mind.
You are dopey. (Int -2)


Message History

You barely miss the water moccasin. You hit the iguana but do no damage.
You block the water moccasin's attack. The iguana bites you.
The water moccasin bites you.
You closely miss the water moccasin. You barely miss the iguana.
The water moccasin bites you. The iguana barely misses you.
You block the water moccasin's attack.
You closely miss the water moccasin. You hit the iguana but do no damage.
The iguana bites you but does no damage.
An acid dragon comes into view.
The water moccasin bites you.
You are poisoned.
The water moccasin poisons you! The iguana barely misses you.
The acid dragon roars!
You hit the water moccasin.
The water moccasin is lightly wounded.
You hit the iguana but do no damage.
You feel very sick.
You hear a shout!
The water moccasin completely misses you.
You block the water moccasin's attack.
A scorpion comes into view.
The iguana bites you.
* * * LOW HITPOINT WARNING * * *
You slash the water moccasin!
The water moccasin is severely wounded.
You hit the iguana.
* * * LOW HITPOINT WARNING * * *
You feel very sick. You block the water moccasin's attack.
The iguana closely misses you.
The water moccasin bites you but does no damage.
You slash the water moccasin!
You kill the water moccasin!
You closely miss the iguana.
* * * LOW HITPOINT WARNING * * *
You feel sick. The iguana bites you.
* * * LOW HITPOINT WARNING * * *
The acid dragon spits acid at you. The splash of acid hits you!
Ouch! That really hurt!
You die...

#....# #
#.#..#
.##....#
.#..###.######
#.#. #......#
.#..###.####.#
#.......#
#s#l.##.#
#.@..# #
#!.D###.......
#.# #.##...# #
..# #.# ..# #
#.. ###


You could see an acid dragon (catching breath), a scorpion and an iguana.

Vanquished Creatures
  A water moccasin (D:5)
  3 adders
  A worm (D:4)
  A dart slug (D:2)
  2 endoplasms
  2 giant cockroaches
  5 hobgoblins
  2 quokkas
  2 kobolds
  3 rats
22 creatures vanquished.

Notes
Turn   | Place    | Note
-------+----------+-------------------------------------------
     0 | D:1      | Quinndolin the Hill Orc Fighter began the quest for the
                  | Orb.
     0 | D:1      | Reached XP level 1. HP: 19/19 MP: 1/1
    57 | D:2      | Reached XP level 2. HP: 11/27 MP: 2/2
    95 | D:2      | Reached skill level 4 in Fighting
   266 | D:2      | Reached XP level 3. HP: 28/33 MP: 3/3
   278 | D:2      | Gained mutation: You are frail. (-10% HP) [potion of
                  | mutation]
   278 | D:2      | Gained mutation: You possess an exceptional clarity of
                  | mind. [potion of mutation]
   278 | D:2      | Gained mutation: You have large cloven feet. [potion of
                  | mutation]
   502 | D:4      | Lost mutation: You are frail. (-10% HP) [potion of
                  | mutation]
   502 | D:4      | Lost mutation: You have large cloven feet. [potion of
                  | mutation]
   502 | D:4      | Lost mutation: You possess an exceptional clarity of mind.
                  | [potion of mutation]
   502 | D:4      | Gained mutation: You possess an exceptional clarity of
                  | mind. [potion of mutation]
   502 | D:4      | Gained mutation: You are dopey. (Int -2) [potion of
                  | mutation]
   572 | D:5      | Entered Level 5 of the Dungeon
   579 | D:5      | Noticed a water moccasin
   584 | D:5      | Noticed an acid dragon
   585 | D:5      | Noticed a scorpion
   587 | D:5      | Killed a water moccasin
   587 | D:5      | Killed from afar by an acid dragon

Illustrated notes

Levels and vault maps discovered:
D:1:      dpeg_arrival_stonehenge_12_columns, layout_basic
D:2:      layout_basic, dilly_ecumenical_altar_fadedgnrine
D:3:      layout_loops_corners, serial_shops, shop
D:4:      layout_cave_pools, mainiacjoe_overflow_alcove_1,
          nicolae_gozag_seed_capital, temple_statues, uniq_ijyb
D:5:      layout_loops_ring, mainiacjoe_overflow_surrounded_room,
          portal_sewer_entry_e, chequers_serial_rivers_small_3,
          minmay_starry_boxes

Skill      XL: |  1  2 |
---------------+-------+-----
Fighting       | 4 |  4.2
Axes           | 3 |  3.6
Armour         | |  3.7
Dodging        | |  0.2
Shields        | |  3.8

Action                   || total
-------------------------++-------
Melee: War axe           ||    79
       Kick              ||     4
  Use: Potion            ||     3
Armor: Scale mail        ||    39
Dodge: Dodged            ||    41
Block: Buckler           ||    23
